Map: Simulacrum LE

Players

MikeHawk - Winner!

  • Race: Terran Terran
  • League: Diamond
  • Spawn Location: 11:00

Fedak

  • Race: Zerg Zerg
  • League: Diamond
  • Spawn Location: 5:00

VOD

https://www.twitch.tv/videos/522327256?t=2h45m9s

Description

Time

  • Played on: Dec. 16, 2019, 1:57 p.m.
  • Length: 3:53
Show
View Real Time Build Order
Export as new Build Order

MikeHawk Terran - Winner!

Build Orders: Reaper Expand 

Get SALT Encoding   

  12  0:00  SCV  
  13  0:12  SCV  
  14  0:18  Supply Depot  
  14  0:25  SCV  
  15  0:40  SCV  
  16  0:42  Barracks  
  16  0:45  Refinery  
  16  0:52  SCV  
  18  1:04  SCV  
  18  1:16  SCV  
  19  1:30  Orbital Command, Reaper  
  20  1:41  Command Center  
  20  1:55  Supply Depot  
  20  1:56  SCV  
  21  2:02  Marine  
  21  2:08  SCV  
  23  2:18  Factory  
  23  2:20  SCV, Marine  
  24  2:28  Bunker  
  24  2:29  Refinery  
  24  2:32  SCV  
  25  2:38  Marine  
  25  2:44  SCV, Supply Depot  
  27  2:55  Orbital Command  
  27  2:56  SCV  
  28  3:01  Factory Tech Lab  
  28  3:06  Starport  
  28  3:09  SCV  
  29  3:14  Orbital Command  
  32  3:20  Cyclone  
  32  3:30  Barracks Tech Lab, SCV  
  31  3:51  Starport Tech Lab  
Show
View Real Time Build Order
Export as new Build Order

Fedak Zerg 

Build Orders: Pool First 

Get SALT Encoding   

  12  0:02  Drone  
  13  0:15  Extractor  
  12  0:24  Spawning Pool  
  12  0:28  Drone  
  12  0:33  Drone  
  13  0:38  Drone  
  14  0:50  Extractor, Drone  
  14  0:56  Overlord  
  15  1:10  Roach Warren  
  14  1:14  Zergling x2  
  15  1:19  Drone  
  15  1:24  Drone  
  17  1:50  Extractor  
  17  1:51  Roach x2  
  20  1:55  Roach  
  23  2:11  Overlord  
  22  2:27  Hatchery  
  21  2:36  Ravager x3  
  24  2:39  Queen  
  24  2:41  Zergling x2  
  28  2:44  Drone  
  28  2:52  Drone  
  28  2:55  Drone  
  30  3:12  Overlord  
  30  3:36  Drone x2  
  30  3:37  Drone  
Tags
 
Add a new tag
Caveats
  • Supply blocks, unpowered buildings, or Contaminate may cause inaccurate times.
  • Supply counts are checked every 10 seconds.